 Dungeon Crawl Stone Soup version 0.21.1-1-g345015fe64 (webtiles) character file.

7585 Bapho the Basher (level 10, 0/96 HPs)
             Began as a Troll Berserker on June 17, 2018.
             Was a High Priest of Trog.
             Slain by an orc
             ... wielding a +0 dagger
              (1 damage)
             ... on level 10 of the Dungeon on June 18, 2018.
             The game lasted 00:19:03 (10238 turns).

Bapho the Basher (Troll Berserker)                 Turns: 10238, Time: 00:19:03

Health: 0/96       AC:  9    Str: 30    XL:     10   Next: 97%
Magic:  9/9        EV: 11    Int:  3    God:    Trog [*****.]
Gold:   721        SH:  0    Dex:  9    Spells: 9/9 levels left

rFire    + . .     SeeInvis .   i - +0 giant spiked club
rCold    + . .     Gourm    +   (shield currently unavailable)
rNeg     . . .     Faith    .   A - +2 robe {rC+ rF+}
rPois    .         Spirit   .   (helmet restricted)
rElec    .         Reflect  .   m - +1 cloak
rCorr    .         Harm     .   (gloves unavailable)
MR       .....                  (boots unavailable)
Stlth    +.........             (no amulet)
HPRegen  0.66/turn              K - ring of wizardry
MPRegen  0.11/turn              (no ring)

@: no status effects
A: large, unfitting armour, claws 3, fast metabolism 3, gourmand, regeneration
1, shaggy fur 1, tough skin 2
a: Berserk, Trog's Hand, Brothers in Arms, Burn Spellbooks, Renounce Religion


You were on level 10 of the Dungeon.
You worshipped Trog.
Trog was extremely pleased with you.
You were completely stuffed.

You visited 1 branch of the dungeon, and saw 10 of its levels.
You also visited: Sewer and Ossuary.

You collected 721 gold pieces.

Inventory:

Hand Weapons
 a - a +1 mace
 i - a +0 giant spiked club (weapon)
 u - a +0 giant club
Missiles
 g - 200 stones (quivered)
 s - 2 steel tomahawks
Armour
 b - a +0 animal skin
 m - a +1 cloak (worn)
 A - a +2 robe of resistance (worn)
 G - +0 steam dragon scales
Jewellery
 r - an uncursed amulet of rage
 K - a ring of wizardry (left claw)
Wands
 t - a wand of scattershot (4)
 C - a wand of disintegration (9)
Scrolls
 f - a scroll of fear
 h - 5 scrolls of remove curse
 p - 4 scrolls of teleportation
 v - a scroll of enchant weapon
 y - 4 scrolls of identify
 z - 3 scrolls of enchant armour
 B - 3 scrolls of magic mapping {unknown}
 D - a scroll of silence {unknown}
 H - a scroll of fog {unknown}
 I - a scroll of random uselessness {unknown}
Potions
 d - a potion of magic
 e - 7 potions of curing
 j - 6 potions of resistance
 k - 6 potions of heal wounds
 l - 3 potions of mutation
 n - 3 potions of brilliance
 o - 2 potions of lignification
 q - 3 potions of degeneration
 x - 3 potions of flight {unknown}
 E - 2 potions of ambrosia {unknown}
 F - 2 potions of agility {unknown}
Books
 w - a book of Conjurations

   Spells                             Type                      Level
   a - Magic Dart                     Conjuration                  1
   b - Searing Ray                    Conjuration                  2
   c - Dazzling Spray                 Conjuration/Hexes            3
   d - Fulminant Prism                Conjuration/Hexes            4
   e - Force Lance                    Conjuration/Translocation    4
   f - Iskenderun's Mystic Blast      Conjuration                  4
   Trog disapproves of the use of such an item.
Comestibles
 c - 15 rations
 J - 3 chunks of flesh


   Skills:
 - Level 5.3 Fighting
 + Level 13.8 Maces & Flails
 - Level 4.1 Dodging


You had 9 spell levels left.
You didn't know any spells.

Dungeon Overview and Level Annotations

Branches:
Dungeon (10/15)            Temple (0/1) D:5            Lair (0/6) D:8
    Orc: D:9-12

Altars:
Dithmenos
Makhleb
Qazlal
Sif Muna
Wu Jian
Yredelemnul

Annotations:
D:10 aragog127's ghost, journeyman TrBe


Innate Abilities, Weirdness & Mutations

You are too large for most types of armour.
You have claws for hands.
Your metabolism is lightning-fast.
You like to eat raw meat.
Your natural rate of healing is unusually fast.
You are covered in fur. (AC +1)
You have very tough skin. (AC +2)


Message History

Saving game... please wait.
Welcome back, Bapho the Troll Berserker.
Trog says: Kill them all!
Press ? for a list of commands and other information.
Done exploring.
You climb downwards.
Level annotation: aragog127's ghost, journeyman TrBe Aragog127's ghost yells, "Who would have thought, even in death it is a pleasure to sever!"
Aragog127's ghost hits you!! The hippogriff bites you.
The hippogriff pecks you! The hippogriff claws you. The orc closely misses you.
Aragog127's ghost hits you!!
* * * LOW HITPOINT WARNING * * *
The hippogriff bites you.
* * * LOW HITPOINT WARNING * * *
The hippogriff pecks you!
* * * LOW HITPOINT WARNING * * *
The hippogriff closely misses you.
There is a stone staircase leading up, spattered with blood here.
The orc hits you with a dagger.
You die...

##### ##...##
#.....###
#.......
#####.....#
#......o..####..
#..H@.......
#.#W#.####.# #
#.#o#
#...)........
#........!...
.....#..#.##...
...(....... .#.
.H#...###.## . .
( .. #


You could see a hippogriff, aragog127's ghost and 2 orcs.

Vanquished Creatures
  2 two-headed ogres (D:8)
  Sigmund (D:6)
  6 yaks (D:9)
  A wyvern (D:9)
  A spriggan (D:7)
  Eustachio (D:5)
  A steam dragon (D:9)
  2 hungry ghosts (D:9)
  2 vampire mosquitoes (D:7)
  A water moccasin (D:9)
  Duvessa (D:6)
  2 porcupines (D:8)
  A sky beast (D:9)
  3 orc warriors
  An ice beast (D:9)
  3 phantoms
  2 black bears
  2 centaurs
  6 ogres
  A crocodile (D:8)
  2 big kobolds
  4 bullfrogs
  A gnoll sergeant (D:7)
  Dowan (D:6)
  2 scorpions
  3 crimson imps
  A bullfrog zombie (D:8)
  7 hounds
  2 quasits
  2 centaur skeletons
  Crazy Yiuf (D:2)
  5 orc priests
  2 iguanas
  Jessica (D:3)
  Ijyb (D:4)
  6 orc wizards
  6 worker ants
  A killer bee zombie (D:6)
  A hound skeleton (D:5)
  9 mummies
  7 gnolls
  12 adders
  2 shadow imps
  An ooze (D:5)
  An adder skeleton (D:9)
  A worm (D:2)
  2 dart slugs (D:2)
  6 leopard geckos
  26 orcs
  3 bats
  7 giant cockroaches
  5 hobgoblins
  11 jackals
  6 quokkas
  5 frilled lizards
  2 gnoll zombies (Ossuary)
  12 goblins
  2 hobgoblin zombies (Ossuary)
  A jackal skeleton (D:9)
  12 kobolds
  3 kobold zombies (Ossuary)
  A leopard gecko skeleton (D:5)
  2 leopard gecko zombies
  An orc zombie (Ossuary)
  A quokka skeleton (D:8)
  A quokka zombie (D:6)
  11 rats
  A fungus (D:8)
243 creatures vanquished.

Vanquished Creatures (others)
  An orc wizard (D:5)
  A fungus (D:8)
2 creatures vanquished.

Grand Total: 245 creatures vanquished

Notes
Turn   | Place    | Note
-------+----------+-------------------------------------------
     0 | D:1      | Bapho the Troll Berserker began the quest for the Orb.
     0 | D:1      | Reached XP level 1. HP: 22/22 MP: 0/0
    85 | D:1      | Reached skill level 3 in Maces & Flails
    85 | D:1      | Reached XP level 2. HP: 28/29 MP: 1/1
   874 | D:1      | Reached XP level 3. HP: 34/36 MP: 2/2
  1180 | D:2      | Reached ** piety under Trog
  1360 | D:2      | Reached skill level 4 in Maces & Flails
  1503 | D:2      | Reached XP level 4. HP: 44/44 MP: 3/3
  1963 | D:2      | Found a runed door.
  1967 | D:2      | Noticed Crazy Yiuf
  1972 | D:2      | Killed Crazy Yiuf
  2147 | D:3      | Reached XP level 5. HP: 53/53 MP: 4/4
  2328 | D:3      | Found an ornate altar of the Wu Jian Council.
  2651 | D:3      | Found a shadowy altar of Dithmenos.
  2735 | D:3      | Found a basalt altar of Yredelemnul.
  2736 | D:3      | Noticed Jessica
  2742 | D:3      | Reached XP level 6. HP: 62/62 MP: 5/5
  2747 | D:3      | Killed Jessica
  2786 | D:3      | Reached *** piety under Trog
  3292 | D:4      | Found a sand-covered staircase.
  3299 | Ossuary  | Entered an ossuary
  3395 | Ossuary  | Reached XP level 7. HP: 55/71 MP: 6/6
  3525 | Ossuary  | Reached skill level 5 in Fighting
  3812 | D:4      | Noticed Ijyb
  3815 | D:4      | Killed Ijyb
  3978 | D:5      | Entered Level 5 of the Dungeon
  4061 | D:5      | Noticed Eustachio
  4070 | D:5      | Killed Eustachio
  4070 | D:5      | Reached skill level 5 in Maces & Flails
  4206 | D:5      | Reached skill level 6 in Maces & Flails
  4209 | D:5      | Reached XP level 8. HP: 45/80 MP: 7/7
  4410 | D:5      | Found a staircase to the Ecumenical Temple.
  4538 | D:5      | Reached skill level 7 in Maces & Flails
  5087 | D:6      | Noticed Dowan
  5089 | D:6      | Noticed Duvessa
  5095 | D:6      | Killed Duvessa
  5095 | D:6      | Reached skill level 8 in Maces & Flails
  5097 | D:6      | Killed Dowan
  5337 | D:6      | Reached **** piety under Trog
  5344 | D:6      | Found a glowing drain.
  5375 | Sewer    | Entered a sewer
  5493 | Sewer    | Found a white marble altar of Elyvilon.
  5594 | D:6      | Reached skill level 9 in Maces & Flails
  5726 | D:6      | Reached XP level 9. HP: 76/88 MP: 8/8
  5974 | D:6      | Found a deep blue altar of Sif Muna.
  6009 | D:6      | Noticed Sigmund
  6022 | D:6      | Killed Sigmund
  6577 | D:7      | Reached skill level 10 in Maces & Flails
  7068 | D:7      | Found a stormy altar of Qazlal.
  7086 | D:7      | HP: 5/132 [orc wizard/dagger (3)]
  7087 | D:7      | HP: 1/132 [orc wizard/dagger (5)]
  7570 | D:8      | Noticed a two-headed ogre
  7575 | D:8      | Killed a two-headed ogre
  7575 | D:8      | Reached skill level 11 in Maces & Flails
  7640 | D:8      | Reached XP level 10. HP: 64/96 MP: 9/9
  7888 | D:8      | Reached skill level 12 in Maces & Flails
  8210 | D:8      | Noticed a two-headed ogre
  8217 | D:8      | Killed a two-headed ogre
  8312 | D:8      | Found a staircase to the Lair.
  8487 | D:8      | Reached ***** piety under Trog
  8775 | D:8      | Found a burning altar of Makhleb.
  8887 | D:9      | Reached skill level 13 in Maces & Flails
  9991 | D:10     | Entered Level 10 of the Dungeon
 10004 | D:10     | Noticed aragog127's ghost (journeyman TrBe)
 10237 | D:10     | HP: 1/96 [hippogriff (8)]
 10238 | D:10     | Slain by an orc

Skill      XL: |  1  2  3  4  5  6  7  8  9 10 |
---------------+-------------------------------+-----
Maces & Flails | 3 4 6 9 11 13 | 13.8
Fighting       | 3 4 5 |  5.3
Dodging        | 3 4 |  4.1

Action                   |  1- 3 |  4- 6 |  7- 9 | 10-12 || total
-------------------------+-------+-------+-------+-------++-------
Melee: Mace              |   143 |   214 |    26 |       ||   383
       Giant club        |       |       |   172 |       ||   172
       Giant spiked club |       |       |   145 |   223 ||   368
Throw: Stone             |    57 |   121 |   105 |    90 ||   373
Invok: Berserk           |       |     2 |     9 |     4 ||    15
       Trog's Hand       |       |       |     1 |       ||     1
  Use: Scroll            |       |     9 |     7 |       ||    16
  Eat: Chunk             |    20 |    20 |    47 |    43 ||   130
       Ration            |       |       |       |     4 ||     4
Armor: Animal skin       |    62 |    58 |    75 |       ||   195
       Robe              |       |       |    59 |   124 ||   183
Dodge: Dodged            |    86 |   120 |   249 |   123 ||   578
